 Dungeon Crawl Stone Soup version 0.16.2-2-g470672f (webtiles) character file.

1638 dvd the Chiller (level 8, -2/38 HPs)
             Began as a Vine Stalker Ice Elementalist on Sept 3, 2015.
             Was a Believer of Qazlal.
             Slain by a killer bee (5 damage)
             ... on level 6 of the Dungeon.
             The game lasted 01:04:43 (6867 turns).

dvd the Chiller (Vine Stalker Ice Elementalist)     Turns: 6867, Time: 01:04:43

Health: -2/38      AC:  2    Str: 12    XL:     8   Next: 98%
Magic:  0/23       EV: 13    Int: 17    God:    Qazlal [**....]
Gold:   292        SH:  3    Dex: 14    Spells: 4 memorised, 9 levels left

rFire  . . .     SeeInvis .       - Unarmed
rCold  . . .     Clarity  +     t - +0 robe (curse)
rNeg   . . .     SustAb   .     (no shield)
rPois  .         Gourm    .     (no helmet)
rElec  .         Spirit   +     (no cloak)
rCorr  +         Warding  .     (no gloves)
rMut   .         Rnd*Tele +     (no boots)
MR     +....                    i - amulet of resist corrosion
Stlth  ++........               v - ring of invisibility
                                l - ring of teleportation (curse)

@: very slightly contaminated, somewhat resistant to hostile enchantments,
unstealthy
A: fangs 3, hooves 1, clarity, regeneration 2, screaming 1, magic shield,
antimagic bite, no device heal 3, rot immunity
a: Upheaval, Renounce Religion, Evoke Invisibility, Evoke Teleportation


You were on level 6 of the Dungeon.
You worshipped Qazlal.
Qazlal was pleased with you.
You were not hungry.

You visited 1 branch of the dungeon, and saw 7 of its levels.

You collected 292 gold pieces.

Inventory:

Hand weapons
 k - a +0 club
 n - a +1 flail
 y - the +10 hand crossbow "Plog" {speed, MP+9}
   (You found it on level 5 of the Dungeon)

   Attacks with this weapon are significantly faster.
   It affects your magic capacity (+9).
 B - the +2 short sword of the Eggplant {drain, +Rage rPois rC- rN+ Dex+4}
   (You found it on level 6 of the Dungeon)

   A truly terrible weapon, it drains the life of those it strikes.
   It affects your dexterity (+4).
   It makes you vulnerable to cold.
   It protects you from poison.
   It protects you from negative energy.
   It lets you go berserk.
 E - a cursed -2 glaive
 F - a +0 flail of protection
Armour
 a - a +1 robe
 q - the +1 leather armour of Fallacy {+Inv rPois SInv}
   (You found it on level 4 of the Dungeon)

   It protects you from poison.
   It enhances your eyesight.
   It lets you turn invisible.
 s - a +0 robe
 t - a cursed +0 robe (worn)
 x - a +0 leather armour
Jewellery
 h - an uncursed amulet of regeneration
 i - an amulet of resist corrosion (around neck)
 l - a cursed ring of teleportation (left hand)
 m - a +1 ring of evasion
 v - a ring of invisibility (right hand)
 w - an uncursed amulet of clarity
Magical devices
 o - a wand of polymorph (7)
Scrolls
 g - 4 scrolls of identify
 j - a scroll of enchant armour
 u - a scroll of magic mapping
 z - a scroll of blinking
 C - a scroll of teleportation
Potions
 e - 2 potions of brilliance
 f - a potion of agility
 p - a potion of might
 r - a potion of restore abilities
 A - a potion of lignification
 D - a potion of curing
Books
 b - a book of Frost

   Spells                             Type                      Level
   a - Freeze                         Ice                          1
   b - Throw Frost                    Conjuration/Ice              2
   c - Ozocubu's Armour               Charms/Ice                   3
   d - Throw Icicle                   Conjuration/Ice              4
   e - Summon Ice Beast               Ice/Summoning                4
   f - Condensation Shield            Ice                          4
Comestibles
 c - 3 bread rations
 d - a royal jelly
 G - a slice of pizza
 H - a meat ration


   Skills:
 + Level 1.6 Fighting
 + Level 0.5 Armour
 + Level 3.6 Dodging
 + Level 4.5 Stealth
 + Level 1.6 Unarmed Combat
 + Level 6.2 Spellcasting
 + Level 1.9 Conjurations
 + Level 1.1 Charms
 * Level 7.4 Ice Magic


You had 9 spell levels left.
You knew the following spells:

 Your Spells              Type           Power        Failure   Level  Hunger
a - Freeze                Ice            ####         1%          1    None
b - Throw Frost           Conj/Ice       ###...       2%          2    None
c - Ozocubu's Armour      Chrm/Ice       ###.....     10%         3    ##.....
d - Condensation Shield   Ice            ####......   10%         4    ####...


Dungeon Overview and Level Annotations

Branches:
Dungeon (7/15)
 Temple: D:4-7

Altars:
Ashenzari
Elyvilon
Gozag
Okawaru
Qazlal
Vehumet
Zin


Innate Abilities, Weirdness & Mutations

You have razor-sharp teeth.
You heal very quickly.
When hurt, damage is shared between your health and your magic reserves.
Your bite disrupts and absorbs the magic of your enemies.
Potions and wands cannot restore your health.
You are immune to rotting.
You have large cloven feet.
You possess an exceptional clarity of mind.
You occasionally shout uncontrollably at your foes.


Message History

You freeze the killer bee.
The killer bee is heavily wounded.
The killer bee barely misses you. The killer bee stings you.
* * * LOW HITPOINT WARNING * * *
You are more poisoned.
The killer bee poisons you!
Casting: Freeze
Confirm with . or Enter, or press ? or * to list all spells.
You don't have enough magic to cast that spell.
Unknown command.
You hit the killer bee but do no damage.
Your kick misses the killer bee.
The killer bee is heavily wounded.
You feel sick. The killer bee stings you.
* * * LOW HITPOINT WARNING * * *
You are lethally poisoned!
The killer bee poisons you! The killer bee misses you.
Drink which item? (? for menu, Esc to quit)
You feel better. The killer bee stings you.
You die...

##.... ###.. ##÷ #.
## ##############
#........y§..# ####
#.........@..# ...#
#........§.[.# ...#
#............# ...#
#............# ...#
#............# ...#
#............# ...#
#............# ...#
#....).......# ####
#............######
#######


You could see a killer bee.

Vanquished Creatures
  An orc warrior (D:6)
  4 ogres
  A centaur (D:6)
  2 giant frogs (D:6)
  A scorpion (D:4)
  A killer bee (D:6)
  A giant frog zombie (D:6)
  A crimson imp (D:7)
  2 orc priests
  A gnoll shaman (D:5)
  2 iguanas
  2 jellies
  3 orc wizards
  6 worker ants
  Jessica (D:3)
  10 gnolls
  7 river rats (D:6)
  5 adders
  A shadow imp (D:5)
  2 giant mites
  4 worms
  An adder skeleton (D:4)
  2 oozes
  10 orcs
  2 giant cockroaches
  13 goblins
  14 hobgoblins
  5 jackals
  15 kobolds
  3 quokkas
  2 ball pythons (D:2)
  9 bats
  A giant gecko (D:1)
  A giant gecko skeleton (D:4)
  5 giant newts
  A quokka zombie (D:5)
  35 rats
177 creatures vanquished.

Notes
Turn   | Place    | Note
--------------------------------------------------------------
     0 | D:1      | dvd, the Vine Stalker Ice Elementalist, began the quest for the Orb.
     0 | D:1      | Reached XP level 1. HP: 9/9 MP: 3/3
   167 | D:1      | Reached XP level 2. HP: 5/13 MP: 1/5
   246 | D:1      | Learned a level 2 spell: Throw Frost
   771 | D:2      | Reached XP level 3. HP: 16/16 MP: 0/7
  1308 | D:2      | Reached XP level 4. HP: 11/21 MP: 1/10
  1355 | D:2      | Reached skill level 4 in Ice Magic
  1579 | D:2      | Learned a level 3 spell: Ozocubu's Armour
  1717 | D:2      | Found an opulent altar of Gozag.
  2046 | D:3      | Found an opulent altar of Gozag.
  2074 | D:3      | Found a shattered altar of Ashenzari.
  2176 | D:3      | Reached XP level 5. HP: 24/24 MP: 11/13
  2189 | D:3      | Noticed Jessica
  2195 | D:3      | Killed Jessica
  2203 | D:3      | Found a radiant altar of Vehumet.
  2323 | D:3      | Found a stormy altar of Qazlal.
  2323 | D:3      | Found an iron altar of Okawaru.
  2355 | D:3      | Reached skill level 1 in Unarmed Combat
  2514 | D:3      | Found a white marble altar of Elyvilon.
  2519 | D:3      | Became a worshipper of Qazlal Stormbringer
  3071 | D:4      | Noticed an ogre
  3071 | D:4      | Found a glowing silver altar of Zin.
  3106 | D:4      | Killed an ogre
  3106 | D:4      | Reached skill level 1 in Fighting
  3106 | D:4      | Gained mutation: You heal very quickly. [vine stalker growth]
  3106 | D:4      | Reached XP level 6. HP: 30/30 MP: 0/15
  3756 | D:4      | Learned a level 4 spell: Condensation Shield
  3788 | D:4      | Reached skill level 5 in Ice Magic
  3868 | D:4      | Got a scorched leather armour
  3879 | D:4      | Identified the +1 leather armour of Fallacy {+Inv rPois SInv} (You found it on level 4 of the Dungeon)
  4086 | D:5      | Entered Level 5 of the Dungeon
  4094 | D:4      | Reached XP level 7. HP: 22/33 MP: 7/18
  4622 | D:5      | Acquired Qazlal's first power
  4814 | D:5      | Gained mutation: You have large cloven feet. [potion of mutation]
  4814 | D:5      | Gained mutation: You occasionally shout uncontrollably at your foes. [potion of mutation]
  4814 | D:5      | Gained mutation: You possess an exceptional clarity of mind. [potion of mutation]
  5124 | D:5      | Got a bloodstained hand crossbow
  5125 | D:5      | Identified the +10 hand crossbow "Plog" {speed, MP+9} (You found it on level 5 of the Dungeon)
  5140 | D:5      | Reached skill level 6 in Ice Magic
  5140 | D:5      | Gained mutation: You have razor-sharp teeth. [vine stalker growth]
  5140 | D:5      | Reached XP level 8. HP: 16/37 MP: 4/21
  5269 | D:5      | Reached skill level 5 in Spellcasting
  5369 | D:6      | Got a crude short sword
  5370 | D:6      | Identified the +2 short sword of the Eggplant {drain, +Rage rPois rC- rN+ Dex+4} (You found it on level 6 of the Dungeon)
  5718 | D:6      | Learned a level 4 spell: Throw Icicle
  5950 | D:6      | Reached skill level 1 in Charms
  6169 | D:6      | Acquired Qazlal's second power
  6173 | D:6      | Reached skill level 7 in Ice Magic
  6867 | D:6      | Slain by a killer bee

Action                   |  1- 3 |  4- 6 |  7- 9 || total
-------------------------+-------+-------+-------++-------
Melee: Unarmed           |    55 |   115 |   172 ||   342
 Cast: Freeze            |    33 |    71 |   104 ||   208
       Throw Frost       |    16 |    20 |    44 ||    80
       Ozocubu's Armour  |       |     4 |    13 ||    17
       Condensation Shie |       |       |     4 ||     4
  Use: Scroll            |     7 |     3 |     2 ||    12
       Potion            |     3 |     4 |     6 ||    13
 Stab: Sleeping          |     2 |     8 |     1 ||    11
  Eat: Chunk             |     3 |    11 |    11 ||    25
